AoeStats
← 大明朱元璋

Arena

506627507Analyzed
4v4 RM · 18d ago on Sep 14, 2026· 51m 56s· 8 players
Game mode
Random Map
Map size
Large (8 player)
Population
200
Speed
Normal
Resources
Standard
Victory
Conquest
Starting age
Dark Age
Ending age
Imperial Age
RankedLock teamsTeams togetherTeam positionsShared explorationLock speedFull tech treeHidden civsTurbo modeCheats
Victory
Defeat
🇨🇳 Bohemians · China
960
+16
🇨🇳 Franks · China
932
+17
🇹🇼 Goths · Taiwan
915
+17
🇰🇷 Poles · South Korea
876
+20
🇨🇳 Franks · China
967
-18
🇳🇱 Goths · Netherlands
962
-18
🇨🇳 Tatars · China
957
-18
🇳🇱 Khmer · Netherlands
905
-16
@_@
4:27 Loom
11:44 Feudal Age
17:00 Castle Age
14:47 Double-Bit Axe
14:47 Horse Collar
16:39 Gold Mining
16:40 Stone Mining
23:42 Wheelbarrow
22:54 Loom
23:53 Bow Saw
24:43 Heavy Plow
27:44 Hand Cart
29:04 Town Watch
38:16 Imperial Age
35:51 Town Patrol
36:00 Anarchy
36:34 Scale Mail Armor
36:45 Forging
37:46 Stone Shaft Mining
37:07 Pikeman
37:49 Squires
37:11 Man-at-Arms
38:20 Chain Mail Armor
38:41 Iron Casting
37:53 Long Swordsman
38:20 Halberdier
39:32 Conscription
39:15 Perfusion
38:47 Elite Huskarl
39:34 Perfusion
38:55 Elite Huskarl
39:05 Two-Handed Swordsman
41:16 Blast Furnace
40:05 Champion
重案组之虎
9:51 Loom
11:38 Feudal Age
16:16 Castle Age
14:25 Double-Bit Axe
14:21 Horse Collar
17:07 Bow Saw
16:58 Heavy Plow
28:39 Chemistry
31:41 Wheelbarrow
34:50 Imperial Age
33:49 Fletching
33:59 Padded Archer Armor
34:22 Hand Cart
34:02 Loom
34:49 Wagenburg Tactics
34:52 Houfnice
36:58 Two-Man Saw
38:56 Bodkin Arrow
39:17 Leather Archer Armor
39:24 Conscription
49:44 Bracer
50:15 Ring Archer Armor
49:45 Scale Mail Armor
Mita Lover
12:19 Feudal Age
16:35 Castle Age
14:56 Double-Bit Axe
18:49 Bow Saw
29:32 Wheelbarrow
36:52 Imperial Age
34:38 Hand Cart
38:20 Forging
38:16 Scale Barding Armor
39:06 Conscription
38:48 Chivalry
40:32 Husbandry
40:10 Cavalier
42:01 Iron Casting
41:46 Chain Barding Armor
42:08 Gold Mining
41:42 Paladin
43:43 Blast Furnace
45:48 Gold Shaft Mining
45:55 Plate Barding Armor
大明朱元璋
13:17 Feudal Age
13:51 Horse Collar
14:48 Wheelbarrow
13:58 Loom
14:02 Double-Bit Axe
18:55 Castle Age
17:06 Stone Mining
17:47 Gold Mining
20:17 Forging
19:40 Pikeman
20:24 Squires
20:41 Bow Saw
26:05 Heavy Plow
27:47 Hand Cart
33:28 Imperial Age
33:35 Iron Casting
33:01 Scale Mail Armor
35:47 Blast Furnace
35:51 Chain Mail Armor
35:44 Scale Barding Armor
35:42 Cavalier
36:22 Husbandry
36:32 Bloodlines
37:36 Crop Rotation
37:39 Conscription
37:27 Szlachta Privileges
39:08 Bloodlines
40:41 Chain Barding Armor
40:52 Plate Mail Armor
stephenskocpol
7:11 Loom
9:12 Feudal Age
11:11 Double-Bit Axe
11:28 Horse Collar
11:46 Gold Mining
11:50 Horse Collar
12:08 Stone Mining
12:01 Horse Collar
17:04 Wheelbarrow
19:39 Castle Age
19:04 Scale Barding Armor
19:11 Forging
19:54 Bloodlines
24:42 Imperial Age
22:38 Husbandry
23:32 Iron Casting
23:24 Chain Barding Armor
24:38 Heavy Plow
25:17 Bow Saw
26:26 Herbal Medicine
29:03 Crop Rotation
30:27 Ballistics
29:53 Light Cavalry
31:19 Hussar
31:28 Hussar
38:47 Heavy Scorpion
39:39 Double Crossbow
41:00 Siege Engineers
45:18 Chemistry
OK旺仔
12:01 Feudal Age
13:03 Double-Bit Axe
15:39 Castle Age
13:41 Horse Collar
17:37 Bow Saw
18:27 Heavy Plow
21:15 Wheelbarrow
23:12 Gold Mining
23:13 Stone Mining
NewTrinity78
2:09 Loom
11:38 Feudal Age
13:20 Double-Bit Axe
13:37 Horse Collar
14:08 Scale Mail Armor
14:19 Forging
18:35 Castle Age
17:57 Fletching
18:29 Man-at-Arms
20:16 Squires
23:37 Heavy Plow
23:50 Bow Saw
24:16 Long Swordsman
aaa916_
6:37 Loom
9:42 Feudal Age
15:52 Castle Age
14:06 Double-Bit Axe
15:54 Gold Mining
18:42 Husbandry
19:14 Scale Barding Armor
21:19 Forging
28:22 Gold Shaft Mining
29:12 Wheelbarrow
28:30 Stone Mining
29:02 Town Watch
29:01 Elite Skirmisher
31:25 Bow Saw
33:14 Iron Casting
33:00 Chain Barding Armor
35:39 Imperial Age
33:32 Hand Cart
34:40 Town Patrol
34:52 Fletching
35:03 Padded Archer Armor
35:47 Bodkin Arrow
36:41 Chivalry
36:10 Cavalier
37:57 Chemistry
37:58 Conscription
38:40 Plate Barding Armor
39:05 Blast Furnace
38:18 Arrowslits
38:55 Ballistics
39:16 Leather Archer Armor
40:05 Conscription
40:04 Paladin
42:20 Hoardings
Connection lost

Rejoining the realm…

Still unreachable

The connection could not be restored.

Session expired

The server has moved on; the page needs a fresh start.